 Dungeon Crawl Stone Soup version 0.24.0-123-gd5b16e6ec5 (webtiles) character file.

Game seed: 13972154996539565532, levelgen mode: deterministic

1408 Curus the Cruncher (level 8, 0/66 HPs)
             Began as a Gargoyle Gladiator on Jan 24, 2020.
             Was a Follower of Trog.
             Slain by a hippogriff (7 damage)
             ... on level 6 of the Dungeon.
             The game lasted 00:30:05 (4927 turns).

Curus the Cruncher (Gargoyle Gladiator)             Turns: 4927, Time: 00:30:06

Health: 0/66       AC: 16    Str: 24    XL:     8   Next: 70%
Magic:  0/8        EV:  9    Int:  8    God:    Trog [*.....]
Gold:   242        SH:  0    Dex: 17    Spells: 7/7 levels left

rFire    . . .     SeeInvis .   a - +0 quarterstaff
rCold    . . .     Gourm    .   (shield currently unavailable)
rNeg     + . .     Faith    .   i - +0 chain mail
rPois    ∞         Spirit   .   c - +1 helmet
rElec    +         Reflect  .   m - +0 cloak
rCorr    .         Harm     +   (no gloves)
MR       .....                  (no boots)
Stlth    ..........             t - amulet of harm
HPRegen  0.21/turn              p - +4 ring of dexterity
MPRegen  0.11/turn              o - ring of wizardry

@: berserking (expiring), very quick
A: negative energy resistance 1, electricity resistance, unbreathing,
petrification resistance, rot immunity, AC +5
a: Berserk, Renounce Religion


You were on level 6 of the Dungeon.
You worshipped Trog.
Trog was aware of your devotion.
You were very hungry.

You visited 2 branches of the dungeon, and saw 7 of its levels.

You collected 242 gold pieces.

Inventory:

Hand Weapons
 a - a +0 quarterstaff (weapon)
Missiles
 d - 3 throwing nets (quivered)
Armour
 b - a +0 leather armour
 c - a +1 helmet (worn)
 e - a +0 ring mail
 i - a +0 chain mail (worn)
 m - a +0 cloak (worn)
Jewellery
 o - a ring of wizardry (right hand)
 p - a +4 ring of dexterity (left hand)
 t - an amulet of harm (around neck)
Wands
 j - a wand of enslavement (14)
 n - a wand of polymorph (10)
Scrolls
 h - 2 scrolls of remove curse
 k - 17 scrolls of identify
 l - 3 scrolls of fog
Potions
 g - a potion of brilliance
 q - 2 potions of curing
 s - a potion of heal wounds {unknown}
Comestibles
 f - 10 rations
 r - 3 chunks of flesh


   Skills:
 - Level 2.1 Fighting
 + Level 10.8 Staves
 - Level 1.7 Throwing
 - Level 2.4 Dodging


You had 7 spell levels left.
You didn't know any spells.
Your spell library was empty.

Dungeon Overview and Level Annotations

Branches:
Dungeon (6/15)             Temple (1/1) D:4

Altars:
Ashenzari
Cheibriados
Dithmenos
Elyvilon
Fedhas
Gozag
Kikubaaqudgha
Makhleb
Qazlal
Ru
Sif Muna
Trog
Vehumet
Wu Jian
Xom
Yredelemnul

Shops:
D:4 [   D:6 (

Annotations:
D:3 3 runed translucent doors, AuftragZ's ghost, amateur DECj; Descartes's ghost, amateur GrWn; Neles's ghost, amateur FoFi; demivan's ghost, amateur DDFi


Innate Abilities, Weirdness & Mutations

You are resistant to torment.
Your stone body is resilient. (AC +5)
You are immune to poison.
You resist negative energy. (rN+)
You are resistant to electric shocks. (rElec)
You can survive without breathing.
You are immune to petrification.
You are immune to rotting.


Message History

The eye of draining is moderately wounded.
You sock the eye of draining!
The eye of draining is heavily wounded.
You sock the eye of draining!
The eye of draining is almost dead.
You sock the eye of draining!
You kill the eye of draining!
Trog accepts your kill.
A jackal comes into view.
The hippogriff bites you but does no damage.
The hippogriff pecks you.
* * * LOW HITPOINT WARNING * * *
The hippogriff claws you but does no damage.
The jackal barks!
You bludgeon the hippogriff!!
The hippogriff is almost dead.
You hit the hippogriff.
The hippogriff is almost dead.
The hippogriff bites you.
You die...

♣. ♣ ♣.##. ...♣ .♣.h..
.. ♣.. ..#..# ..
♣♣.♣♣♣.... ## ###
#.♣?..♣....... ###.##
#.........#.# .....#
#..#.#.Hh...# ###.##
##......#@.#
###.####...#....).#
......##.#.##.##.##
....#.##⌠.⌠......#
###.#.##.∩.#...### #
#.#.##⌠.⌠#...#
###.....#.##..)# .
......#...##...####...
.....##..(..........#


You could see a hippogriff and 2 jackals.

Vanquished Creatures
  An eye of draining (D:6)
  An ice beast (D:5)
  A phantom (D:4)
  2 sky beasts (D:5)
  An ogre (D:6)
  A centaur (D:6)
  Blork the orc (D:4)
  A scorpion (D:4)
  A crimson imp (D:3)
  A bullfrog zombie (D:5)
  2 orc wizards (D:5)
  2 centaur skeletons
  A gnoll shaman (D:5)
  A bullfrog skeleton (D:6)
  2 hounds (D:4)
  An iguana (D:3)
  3 worker ants
  Robin (D:2)
  5 gnolls (D:5)
  7 adders
  An ooze (D:4)
  4 worms
  2 dart slugs
  3 leopard geckos
  19 orcs
  3 ball pythons
  9 bats
  6 giant cockroaches
  17 hobgoblins
  4 jackals (D:1)
  6 kobolds
  5 quokkas
  6 frilled lizards
  14 goblins
  A leopard gecko zombie (D:5)
  8 rats
144 creatures vanquished.

Vanquished Creatures (others)
  A goblin (D:2)
  A quokka (D:2)
2 creatures vanquished.

Grand Total: 146 creatures vanquished

Notes
Turn   | Place    | Note
-------+----------+-------------------------------------------
     0 | D:1      | Curus the Gargoyle Gladiator began the quest for the Orb.
     0 | D:1      | Reached XP level 1. HP: 12/12 MP: 1/1
   104 | D:1      | Reached XP level 2. HP: 14/17 MP: 2/2
   242 | D:1      | Reached skill level 4 in Staves
   271 | D:1      | Reached XP level 3. HP: 20/21 MP: 3/3
   983 | D:2      | Found a snail-covered altar of Cheibriados.
  1067 | D:2      | Noticed Robin
  1107 | D:1      | Reached XP level 4. HP: 11/26 MP: 4/4
  1443 | D:2      | Found a white marble altar of Elyvilon.
  1597 | D:2      | Killed Robin
  1597 | D:2      | Reached skill level 5 in Staves
  1769 | D:2      | You fall into a shaft and drop 2 floors!
  2013 | D:3      | Reached XP level 5. HP: 30/30 MP: 5/5
  2091 | D:3      | Found a runed translucent gate.
  2098 | D:3      | Found a runed translucent gate.
  2100 | D:3      | Noticed demivan's ghost (amateur DDFi)
  2249 | D:2      | Found an opulent altar of Gozag.
  2249 | D:2      | Found a basalt altar of Yredelemnul.
  2342 | D:3      | Reached skill level 6 in Staves
  3128 | D:3      | Found a runed translucent gate.
  3130 | D:3      | Noticed AuftragZ's ghost (amateur DECj)
  3131 | D:3      | Noticed Neles's ghost (amateur FoFi)
  3131 | D:3      | Noticed Descartes's ghost (amateur GrWn)
  3275 | D:4      | Noticed a phantom
  3276 | D:4      | Found a staircase to the Ecumenical Temple.
  3315 | D:4      | Killed a phantom
  3315 | D:4      | Reached skill level 7 in Staves
  3315 | D:4      | Reached XP level 6. HP: 24/35 MP: 6/6
  3319 | Temple   | Entered the Ecumenical Temple
  3330 | Temple   | Became a worshipper of Trog the Wrathful
  3345 | D:4      | Found Fahix's Armour Boutique.
  3526 | D:4      | Noticed Blork the orc
  3536 | D:4      | Killed Blork the orc
  3554 | D:4      | Reached XP level 7. HP: 40/40 MP: 7/7
  3700 | D:4      | Reached skill level 8 in Staves
  4019 | D:4      | Found a shadowy altar of Dithmenos.
  4086 | D:5      | Entered Level 5 of the Dungeon
  4119 | D:5      | Reached * piety under Trog
  4283 | D:5      | Reached skill level 9 in Staves
  4354 | D:5      | Reached XP level 8. HP: 29/44 MP: 8/8
  4490 | D:5      | Found a burning altar of Makhleb.
  4694 | D:5      | Reached skill level 10 in Staves
  4885 | D:6      | Found Nummia's Antique Weapon Emporium.
  4911 | D:6      | Noticed a hippogriff
  4927 | D:6      | Slain by a hippogriff

Levels and vault maps discovered:
D:1:      dpeg_arrival_simpleton_c, layout_loops_corners, serial_glass,
          glass_columns_b, glass_columns_a, glass_columns_a, glass_columns_b,
          glass_columns_a, glass_columns_b, glass_columns_b, glass_columns_a,
          due_unseen_surprise, item_on_display_a, minmay_strange_pillars,
          minmay_vboxes
D:2:      layout_basic, nicolae_overflow_crystal_walls,
          gammafunk_temple_overflow_statue, elyvilon_altar_4, uniq_robin
D:3:      layout_loops_corners, gammafunk_ghost_cemetery
D:4:      layout_cave_pods, nicolae_overflow_hidden_temple,
          minmay_temple_entry_large_hall, serial_shops,
          nicolae_shop_statue_plus, uniq_blork_the_orc
D:5:      layout_rooms, first_ration, bloody_makhleb
D:6:      layout_loops_cross, serial_shops, shop_fountains, kennysheep_doodads,
          serial_bayou_pond_d
Temple:   cyrus_circular_temple

Skill      XL: |  1  2  3  4  5  6  7  8 |
---------------+-------------------------+-----
Staves         | 4 5 7 9 10 | 10.8
Fighting       | |  2.1
Throwing       | |  1.7
Dodging        | |  2.4

Action                   |  1- 3 |  4- 6 |  7- 9 || total
-------------------------+-------+-------+-------++-------
Melee: Quarterstaff      |   135 |   219 |   175 ||   529
       Unarmed           |       |     4 |       ||     4
Invok: Berserk           |       |       |     1 ||     1
  Use: Scroll            |     6 |     4 |     3 ||    13
       Potion            |     1 |     3 |     2 ||     6
  Eat: Chunk             |     1 |     8 |     4 ||    13
Armor: Leather armour    |    10 |       |       ||    10
       Ring mail         |    65 |    26 |       ||    91
       Chain mail        |       |    64 |   133 ||   197
Dodge: Dodged            |    84 |    82 |    93 ||   259
